 Dungeon Crawl Stone Soup version 0.31-a0-188-g5e087ee2ca (webtiles) character file.

Game seed: 2117369992882898054

67 qw the Shooter (level 3, 0/20 HPs)
             Began as a Deep Elf Hunter on June 22, 2023.
             Was an Initiate of Okawaru.
             Succumbed to their own poison gas
             ... on level 2 of the Dungeon.
             The game lasted 00:00:30 (1035 turns).

qw the Shooter (Deep Elf Hunter)                    Turns: 1035, Time: 00:00:30

Health: 0/20       AC:  7    Str: 10    XL:     3   Next: 98%
Magic:  5/5        EV: 11    Int: 13    God:    Okawaru [......]
Gold:   71         SH:  0    Dex: 18    Spells: 2/2 levels left

rFire   . . .        Y - +0 shortbow
rCold   . . .        (shield currently unavailable)
rNeg    . . .        d - +0 ring mail
rPois   .            (no helmet)
rElec   .            (no cloak)
rCorr   .            (no gloves)
SInv    .            b - +1 pair of boots
Will    .....        a - amulet of regeneration
Stlth   +            (no ring)
HPRegen 1.03/turn    (no ring)
MPRegen 0.09/turn

%: no passive effects
@: lethally poisoned (0 -> -1)
A: no striking features
a: Renounce Religion


You were on level 2 of the Dungeon.
You worshipped Okawaru.
Okawaru was noncommittal.
You visited 1 branch of the dungeon, and saw 2 of its levels.

You collected 71 gold pieces.


   Skills:
 - Level 1.5 Fighting
 + Level 7.4 Ranged Weapons
 - Level 2.4 Dodging
 - Level 1.2 Stealth


You had 2 spell levels left.
You didn't know any spells.
Your spell library was empty.

Inventory:

Hand Weapons
 Y - a +0 shortbow (weapon)
Armour
 b - a +1 pair of boots (worn)
 d - a +0 ring mail (worn)
Jewellery
 a - an amulet of regeneration (around neck)
 e - the ring of Alywoock {Ice MP+9}
   (You found it on level 2 of the Dungeon)

   [ring of ice]

   It enhances your ice magic.
   rF:        It makes you vulnerable to fire.
   rC:        It protects you from cold.
   MP:        It affects your magic capacity (+9).
Potions
 f - a potion of degeneration {unknown}
 g - a potion of attraction {unknown}
 j - a potion of mutation {unknown}
 k - a potion of enlightenment {unknown}

Dungeon Overview and Level Annotations

Branches:
Dungeon (2/15)

Altars:
Okawaru


Message History

Done exploring.
1027 ||| READING scroll labelled UNOX AMUOJI FETUI.
As you read the scroll labelled UNOX AMUOJI FETUI, it crumbles to dust.
You assume a fearsome visage.
Nothing appears to happen.
It was a scroll of fear.
Done exploring.
1028 ||| READING scroll labelled LEXZOX LOTSIDO.
The air fills with toxic fumes!
As you read the scroll labelled LEXZOX LOTSIDO, it crumbles to dust.
It was a scroll of poison.
Done exploring.
(D) Dungeon
Where to? (* - list waypoints, Enter - D:2 @ (x,y), ? - help)
What level of the Dungeon? (default 1, ? - help) Sorry, I don't know how to get there.
Enter note:
Enter note:
Enter note:
Enter note:
Enter note:
Enter note:
Enter note:
Enter note:
Enter note: Really walk into that cloud of poison gas?
You are engulfed in poison gas.
You are poisoned.
You feel very sick.
1030 ||| Stepping ~*~*~tactically~*~*~ (cloud).
You feel very sick.
You see here a +0 leather armour.
There is a lethal amount of poison in your body!
You feel very sick.
There is a lethal amount of poison in your body!
You feel sick.
There is a lethal amount of poison in your body!
You feel sick.
There is a lethal amount of poison in your body!
You feel sick.
There is a lethal amount of poison in your body!
You die...

.........# ###.#
###.#.##.# #.# ###...##.#
#.## )...####.# ###..#
..#.####.#####..########
....##.....>..###0¤¤¤0¤##
..)....#.######¤¤00¤¤¤¤~##
...#........##¤¤0¤¤¤000~~#
............#¤00@0¤¤¤¤¤.~#
...........##¤¤¤¤0¤¤¤00.~#
._..###..###¤¤¤¤¤¤¤¤¤0¤.~#
....# #..# #¤¤0¤¤0¤¤¤¤0.~#
....# #..###¤¤¤¤00¤0¤¤¤~~#
....# #...¤¤0¤¤¤¤¤¤¤¤¤¤~##
...## #..###¤0¤¤¤¤¤0¤0¤~#
...# ##.# #¤¤¤¤¤0¤¤0¤0##
...# #.# ##~~....~~~##


There were no monsters in sight!

Vanquished Creatures
  2 adders (D:2)
  3 worms (D:2)
  A dart slug (D:1)
  4 ball pythons
  3 endoplasms (D:2)
  2 giant cockroaches
  6 goblins
  3 hobgoblins
  2 quokkas
  2 bats
  4 frilled lizards
  5 kobolds
  2 rats
39 creatures vanquished.

Notes
Turn   | Place    | Note
-------+----------+-------------------------------------------
     0 | D:1      | qw the Deep Elf Hunter began the quest for the Orb.
     0 | D:1      | Reached XP level 1. HP: 12/12 MP: 3/3
     0 | D:1      | 0 ||| qw: Version: 0.3-a-9-g12657ce
     0 | D:1      | 0 ||| qw: Game counter: 2780
     0 | D:1      | 0 ||| qw: Always use a shield: true
     0 | D:1      | 0 ||| qw: God list: Okawaru
     0 | D:1      | 0 ||| qw: Allow faded altars: false
     0 | D:1      | 0 ||| qw: Do Orc after D:15 true
     0 | D:1      | 0 ||| qw: Do second Lair branch before Depths: true
     0 | D:1      | 0 ||| qw: Lair rune preference: random
     0 | D:1      | 0 ||| qw: Plans: Normal
     0 | D:1      | 0 ||| PLANNING D:1-11
   110 | D:1      | You fall into a shaft and drop 1 floor!
   119 | D:2      | Reached skill level 6 in Ranged Weapons
   119 | D:2      | Reached XP level 2. HP: 16/16 MP: 4/4
   125 | D:2      | 125 ||| READING scroll labelled JOBBEO SYGE.
   126 | D:2      | 126 ||| READING scroll labelled BUIHA PURPHEMEG.
   127 | D:2      | 127 ||| DROPPING scroll of butterflies.
   424 | D:1      | 424 ||| UPGRADING to amulet of regeneration.
   429 | D:1      | 429 ||| READING scroll labelled IBRIBB HONU.
   433 | D:1      | 433 ||| READING scroll labelled LAG ULYVIEDWAO.
   478 | D:2      | Reached XP level 3. HP: 20/20 MP: 5/5
   483 | D:2      | Found an iron altar of Okawaru.
   484 | D:2      | 484 ||| PLANNING OKAWARU WORSHIP
   484 | D:2      | 484 ||| UPGRADING to +1 pair of boots.
   501 | D:2      | Became a worshipper of Warmaster Okawaru
   502 | D:2      | 502 ||| PLANNING D:1-11
   699 | D:2      | Reached skill level 7 in Ranged Weapons
   707 | D:2      | Identified the ring of Alywoock {Ice MP+9}
  1016 | D:2      | 1016 ||| UPGRADING to +0 ring mail.
  1026 | D:2      | 1026 ||| DROPPING +0 leather armour.
  1027 | D:2      | 1027 ||| READING scroll labelled UNOX AMUOJI FETUI.
  1028 | D:2      | 1028 ||| READING scroll labelled LEXZOX LOTSIDO.
  1030 | D:2      | 1030 ||| Stepping ~*~*~tactically~*~*~ (cloud).
  1030 | D:2      | HP: 5/20 [poisoned by you (poison gas)]
  1032 | D:2      | HP: 2/20 [poisoned by you (poison gas)]
  1035 | D:2      | Succumbed to their own poison gas

Levels and vault maps discovered:
D:1:      dpeg_arrival_long_road, layout_basic, palyth_stone_intersect
D:2:      minmay_wonky_spiral, layout_rooms, basic_altar, kennysheep_potato

Skill      XL: |  1  2  3 |
---------------+----------+-----
Ranged Weapons | 6 7 |  7.4
Fighting       | |  1.5
Dodging        | |  2.4
Stealth        | |  1.2

Action                     || total
---------------------------++-------
   Fire: Shortbow          ||   102
    Use: Scroll            ||     6
 Armour: Leather armour    ||     8
  Dodge: Dodged            ||    14

Table legend:
 A = Non-vault XP
 B = Vault XP
 C = Vault XP percentage of total XP
 D = Non-vault monster count
 E = Vault monster count
 F = Vault count percentage of total count
                 A         B        C        D         E       F
            +---------+---------+-------+---------+---------+-------
      Total |      72 |      24 |  25.0 |      33 |       6 |  15.4
            +---------+---------+-------+---------+---------+-------
        D:1 |      24 |       0 |   0.0 |      14 |       0 |   0.0
        D:2 |      48 |      24 |  33.3 |      19 |       6 |  24.0
            +---------+---------+-------+---------+---------+-------
